 Dungeon Crawl Stone Soup version 0.27.1-35-g4d5d836560 (webtiles) character file.

Game seed: 11932191479961305511

20 tkbsonic5 the Bolt Thrower (level 3, 0/28 HPs)
             Began as a Human Hunter on Jan 8, 2023.
             Slain by an adder (2 damage)
             ... on level 1 of the Dungeon.
             The game lasted 00:05:14 (957 turns).

tkbsonic5 the Bolt Thrower (Human Hunter)            Turns: 957, Time: 00:05:15

Health: 0/28       AC:  3    Str: 13    XL:     3   Next: 0%
Magic:  3/3        EV: 12    Int: 11    God:
Gold:   64         SH:  0    Dex: 13    Spells: 2/2 levels left

rFire    . . .     SeeInvis .   b - +0 short sword
rCold    . . .     Faith    .   (no shield)
rNeg     . . .     Spirit   .   c - +0 leather armour
rPois    .         Reflect  .   (no helmet)
rElec    .         Harm     .   (no cloak)
rCorr    .         Rampage  .   (no gloves)
Will     .....                  (no boots)
Stlth    +.........             (no amulet)
HPRegen  0.09/turn              (no ring)
MPRegen  0.08/turn              (no ring)

@: lethally poisoned (0 -> -7), flying
A: no striking features
a: no special abilities


You were on level 1 of the Dungeon.
You visited 1 branch of the dungeon, and saw 2 of its levels.

You collected 64 gold pieces.

Inventory:

Hand Weapons
 a - a +2 hand crossbow
 b - a +0 short sword (weapon)
Missiles
 d - 32 bolts
Armour
 c - a +0 leather armour (worn)
 i - a +0 scale mail
Scrolls
 h - a scroll of fear {unknown}
 j - a scroll of amnesia {unknown}
Potions
 g - a potion of curing {unknown}
 l - a potion of haste {unknown}
 m - a potion of brilliance {unknown}


   Skills:
 * Level 2.3 Fighting
 * Level 1.0 Short Blades
 + Level 4.1 Crossbows
 * Level 2.3 Dodging
 + Level 1.2 Stealth


You had 2 spell levels left.
You didn't know any spells.
Your spell library contained the following spells:

 Spells                   Type           Power      Damage    Failure   Level
 Blink                    Tloc           N/A        N/A       56%         2
 Lesser Beckoning         Tloc           0%         N/A       80%         3
 Manifold Assault         Tloc           0%         N/A       100%        5


Dungeon Overview and Level Annotations

Branches:
Dungeon (2/15)

Altars:

Shops:
D:1 =


Message History

You closely miss the adder.
The adder is heavily wounded.
The adder closely misses you. The adder barely misses you.
You miss the adder.
The adder is heavily wounded.
The adder bites you but does no damage.
You barely miss the adder.
The adder is heavily wounded.
The adder bites you.
You are poisoned.
The adder poisons you! The adder closely misses you.
You are too injured to fight recklessly!
You are too injured to fight recklessly!
You are too injured to fight recklessly!
You are too injured to fight recklessly!
You hit the adder but do no damage.
The adder is heavily wounded.
You feel sick. The adder closely misses you.
You closely miss the adder.
The adder is heavily wounded.
You feel sick. The adder bites you.
* * * LOW HITPOINT WARNING * * *
You are more poisoned.
The adder poisons you!
You miss the adder.
The adder is heavily wounded.
You feel sick. The adder bites you.
* * * LOW HITPOINT WARNING * * *
You are lethally poisoned!
The adder poisons you! The adder barely misses you.
You hit the adder.
The adder is severely wounded.
* * * LOW HITPOINT WARNING * * *
You feel sick. The adder closely misses you.
It was a potion of flight.
You feel very buoyant.
You fly up into the air.
* * * LOW HITPOINT WARNING * * *
You feel sick. The adder bites you.
You die...

#########
###########.......# ##
#.........#.......#
.###.##......#.......#
.#...##......#.......#
.#.####......+.......#
...#####.....#.......#
####...#.....#...S...#
...'...'.....)..@#####
####...###...###.#
##### #...###.#
#.......#
############.....#
.................#
#############+##.#
#.##.# ####..#.#


You could see an adder.

Vanquished Creatures
  An endoplasm (D:1)
  A giant cockroach (D:1)
  2 hobgoblins (D:1)
  7 jackals (D:1)
  A ball python (D:1)
  2 bats (D:1)
  A frilled lizard (D:1)
  3 rats (D:1)
18 creatures vanquished.

Notes
Turn   | Place    | Note
-------+----------+-------------------------------------------
     0 | D:1      | tkbsonic5 the Human Hunter began the quest for the Orb.
     0 | D:1      | Reached XP level 1. HP: 16/16 MP: 1/1
    98 | D:1      | Found Udocuw's Jewellery Boutique.
   219 | D:1      | Reached XP level 2. HP: 22/22 MP: 2/2
   936 | D:1      | Reached skill level 1 in Short Blades
   936 | D:1      | Reached XP level 3. HP: 28/28 MP: 3/3
   957 | D:1      | Slain by an adder

Illustrated notes

Levels and vault maps discovered:
D:1:      minmay_arrival_checkered_box, layout_basic, serial_shops,
          shop_fountains, minivault_27
D:2:      layout_loops_corners, dreamdust_ecumenical_altar_angels_and_demons,
          serial_bayou, serial_bayou_ford_a, serial_bayou_pond_b,
          serial_bayou_pond_b, serial_bayou_lake_a, serial_bayou_pond_e,
          serial_bayou_shore_b, st_stairs_2

Skill      XL: |  1  2 |
---------------+-------+-----
Short Blades   | 1 |  1.0
Fighting       | |  2.3
Crossbows      | |  4.1
Dodging        | |  2.3
Stealth        | |  1.2

Action                   || total
-------------------------++-------
Melee: Short sword       ||    51
 Fire: Hand crossbow     ||    33
  Use: Scroll            ||     2
       Potion            ||     2
Armor: Leather armour    ||    11
       Scale mail        ||    38
Dodge: Dodged            ||    49
